 Dungeon Crawl Stone Soup version 0.29.1-15-g9cfb28693d (webtiles) character file.

Game seed: 9971384850742496613

700 hawla the Chiller (level 8, -5/57 HPs)
             Began as a Meteoran Ice Elementalist on Apr 12, 2023.
             Slain by Prince Ribbit (11 damage)
             ... on level 5 of the Dungeon.
             The game lasted 00:06:42 (1154 turns).

hawla the Chiller (Meteoran Ice Elementalist)       Turns: 1154, Time: 00:06:43

Health: -5/57      AC:  4    Str: 11    XL:     8   Next: 18%
Magic:  2/15       EV: 12    Int: 18    God:
Gold:   52         SH:  0    Dex: 14    Spells: 7/15 levels left

rFire   + . .      SeeInvis .   m - staff of fire
rCold   . . .      Faith    .   (no shield)
rNeg    . . .      Spirit   .   a - +0 robe
rPois   .          Reflect  .   (no helmet)
rElec   .          Harm     .   (no cloak)
rCorr   .          Rampage  .   c - +0 pair of gloves
Will    +....                   g - +0 pair of boots
Stlth   +.........              (no amulet)
HPRegen 0.19/turn               (no ring)
MPRegen 0.14/turn               (no ring)

@: glowing
A: sense surroundings 1, otherworldly, glowing, explore regen
a: no special abilities


You were on level 5 of the Dungeon.
You visited 1 branch of the dungeon, and saw 5 of its levels.

You collected 52 gold pieces.

Inventory:

Armour
 a - a +0 robe (worn)
 c - a +0 pair of gloves (worn)
 g - a +0 pair of boots (worn)
Magical Staves
 m - a staff of fire (weapon)
Jewellery
 o - a +6 ring of dexterity
Wands
 k - a wand of flame (19) (quivered)
Scrolls
 b - a scroll of blinking {unknown}
 e - a scroll of teleportation {unknown}
Potions
 d - a potion of invisibility {unknown}
 h - a potion of heal wounds {unknown}
 i - 2 potions of curing {unknown}
 j - a potion of flight {unknown}
 l - 2 potions of magic
 n - a potion of attraction {unknown}


   Skills:
 - Level 2.7 Dodging
 - Level 1.4 Stealth
 - Level 4.4 Spellcasting
 + Level 6.7 Conjurations
 - Level 6.8 Ice Magic


You had 7 spell levels left.
You knew the following spells:

 Your Spells              Type           Power      Damage    Failure   Level
a - Freeze                Ice            100%       1d11      1%          1
b - Frozen Ramparts       Ice            56%        1d9       2%          3
c - Hailstorm             Conj/Ice       28%        3d8       9%          4

Your spell library contained the following spells:

 Spells                   Type           Power      Damage    Failure   Level
 Ozocubu's Armour         Ice            28%        N/A       2%          3


Dungeon Overview and Level Annotations

Branches:
Dungeon (5/15) Zot: 1844
 Temple: D:4-7

Altars:

Shops:
D:3 [   D:4 [

Annotations:
D:5 Prince Ribbit


Innate Abilities, Weirdness & Mutations

You passively map a small area around you.
You are easily found by Zot.
You glow in the dark.
You regain HP and MP as you explore.


Message History

You kill the adder!
You feel sick.
Unknown command.
You feel sick.
You feel sick.
You are no longer poisoned.
Prince Ribbit blinks!
Prince Ribbit blinks!
Prince Ribbit blinks!
Prince Ribbit barely misses you.
Casting: Freeze (safe; 1% risk of failure)
Confirm with . or Enter, or press ? or * to list all spells.
Aiming: Freeze (safe; 1% risk of failure)
Press: ? - help, Shift-Dir - straight line, f - Prince Ribbit
Aim: Prince Ribbit You freeze Prince Ribbit!
Prince Ribbit is moderately wounded.
Prince Ribbit seems to slow down.
Unknown command.
Casting: Freeze (safe; 1% risk of failure)
Confirm with . or Enter, or press ? or * to list all spells.
Aiming: Freeze (safe; 1% risk of failure)
Press: ? - help, Shift-Dir - straight line, f/p - Prince Ribbit
Aim: Prince Ribbit (moderately wounded, slow)
You freeze Prince Ribbit.
Prince Ribbit is moderately wounded.
Prince Ribbit hits you!
Unknown command.
Casting: Freeze (safe; 1% risk of failure)
Confirm with . or Enter, or press ? or * to list all spells.
Aiming: Freeze (safe; 1% risk of failure)
Press: ? - help, Shift-Dir - straight line, f/p - Prince Ribbit
Aim: Prince Ribbit (moderately wounded, slow)
You freeze Prince Ribbit.
Prince Ribbit is heavily wounded.
Prince Ribbit hits you!
* * * LOW HITPOINT WARNING * * *
It was a potion of cancellation.
You feel magically purged. Prince Ribbit hits you!
You die...

#...........# #.#######.#
#.########.### #.# #.# #.# #...#
#.# #.# #.# ###.#####.#######.#
#####.# #.......#.......# .....l#
##########.####### ......#
#....F............
......##########F#######.....####
................@................
......#<######.#.#.###.#.....#...
##....#.#, #.#.#.....#.F...#.##
...#..#.. # #.# ..........#.#
......###.,*, #.#.......#.#.#)#
....†.# ..* ,..#...........#)##
........,,.#, ..# ####.#....)..
.......## .# ,.## , ,#.#.......
........ # * #.......


You could see Prince Ribbit (slow).

Vanquished Creatures
  An orc warrior (D:5)
  An ice beast (D:5)
  A black bear (D:5)
  3 killer bees (D:5)
  2 orc priests
  Terence (D:2)
  2 iguanas
  An orc wizard (D:5)
  7 gnolls (D:4)
  2 adders
  A white imp (D:5)
  9 orcs
  3 ball pythons
  2 endoplasms (D:3)
  2 goblins
  2 hobgoblins
  4 jackals (D:3)
  3 kobolds
47 creatures vanquished.

Notes
Turn   | Place    | Note
-------+----------+-------------------------------------------
     0 | D:1      | hawla the Meteoran Ice Elementalist began the quest for the
                  | Orb.
     0 | D:1      | Reached XP level 1. HP: 14/14 MP: 5/5
    22 | D:2      | Noticed Terence
    31 | D:2      | Killed Terence
    32 | D:2      | Reached skill level 5 in Ice Magic
    32 | D:2      | Reached XP level 2. HP: 7/20 MP: 0/7
    32 | D:2      | Reached XP level 3. HP: 9/26 MP: 0/8
    61 | D:2      | Learned a level 3 spell: Frozen Ramparts
   113 | D:3      | Found Zeackeogg's Antique Armour Shoppe.
   136 | D:3      | Reached XP level 4. HP: 33/33 MP: 5/9
   372 | D:4      | Reached XP level 5. HP: 29/38 MP: 3/11
   440 | D:4      | Reached XP level 6. HP: 20/45 MP: 6/12
   594 | D:4      | Found Luhosch's Antique Armour Boutique.
   831 | D:4      | Learned a level 4 spell: Hailstorm
   980 | D:5      | Entered Level 5 of the Dungeon
  1002 | D:5      | Noticed a black bear
  1009 | D:5      | Killed a black bear
  1010 | D:5      | Reached XP level 7. HP: 26/50 MP: 1/14
  1109 | D:5      | Reached skill level 5 in Conjurations
  1116 | D:5      | Noticed Prince Ribbit
  1124 | D:5      | Reached XP level 8. HP: 44/57 MP: 3/15
  1154 | D:5      | Slain by Prince Ribbit

Illustrated notes

Levels and vault maps discovered:
D:1:      arrival_zaba_pyramid, layout_loops_corners,
          hellmonk_ecumenical_altar_inner_sanctum,
          nicolae_concentric_dashed_squares_mild, hangedman_decor_points
D:2:      layout_loops_corners, basic_altar, uniq_terence
D:3:      layout_basic, demons_altar, serial_shops, nicolae_square_shop, shop,
          nicolae_shop_competitors_out_of_business, shop, shop,
          minmay_misc_feat_square
D:4:      layout_loops_corners, serial_shops, nicolae_diamond_shop,
          minmay_misc_feat_diagonals
D:5:      layout_basic, uniq_prince_ribbit1

Skill      XL: |  1  2  3  4  5  6  7 |
---------------+----------------------+-----
Spellcasting   | 3 4 |  4.4
Ice Magic      | 5 6 |  6.8
Conjurations   | 2 6 |  6.7
Dodging        | |  2.7
Stealth        | |  1.4

Action                   |  1- 3 |  4- 6 |  7- 9 || total
-------------------------+-------+-------+-------++-------
Melee: Unarmed           |     1 |       |       ||     1
       Staff             |       |     6 |     5 ||    11
 Cast: Freeze            |     9 |    19 |    14 ||    42
       Frozen Ramparts   |     3 |    13 |     3 ||    19
       Hailstorm         |       |     2 |     1 ||     3
Evoke: Wand              |       |       |     5 ||     5
  Use: Potion            |     1 |       |     1 ||     2
Armor: Robe              |     2 |     1 |     6 ||     9
Dodge: Dodged            |     7 |    17 |     6 ||    30
